3A
BELLEVILLE BULLS @ BELLEVUE BRUINS
08/18/2024
 
TOP OF THE 1ST
Belleville Bulls batting - Pitching for Bellevue Bruins : RHP Roberto Covas
Pitching: RHP Roberto Covas
Batting: RHB Vincente Fuentes 0-0: Ball
1-0: Called Strike
1-1: Swinging Strike
1-2: Ball
2-2: Ball
3-2: Base on Balls
Batting: RHB Brandon Carroll 0-0: Swinging Strike
0-1: Ball
1-1: Ball
2-1: Ball
3-1: Foul Ball, location: 2F
3-2: Base on Balls
Vincente Fuentes to second
Batting: LHB Manuel Sánchez 0-0: Ball
1-0: Called Strike
1-1: Ball
2-1: Ball
3-1: Called Strike
3-2: Fly out, F9 (Flyball, 9LM)
Batting: RHB Warren Martin 0-0: Foul Ball, location: 2F
0-1: Ball
1-1: Foul Ball, location: 2F
1-2: Foul Ball, location: 2F
1-2: Strikes out swinging
Batting: RHB Duane Wills 0-0: Ground out 5-3 (Groundball, 56S)
Top of the 1st over - 0 run(s), 0 hit(s), 0 error(s), 2 left on base; Belleville 0 - Bellevue 0
BOTTOM OF THE 1ST
Bellevue Bruins batting - Pitching for Belleville Bulls : RHP Norberto Flores
Pitching: RHP Norberto Flores
Batting: RHB Luis Ríos 0-0: Ball
1-0: Ground out 4-3 (Groundball, 4)
Batting: RHB Nick Hoskins 0-0: Ball
1-0: Ball
2-0: Called Strike
2-1: Called Strike
2-2: Foul Ball, location: 2F
2-2: Foul Ball, location: 2F
2-2: Strikes out swinging
Batting: LHB Chia-ch'ing Dodman 0-0: Swinging Strike
0-1: SINGLE (Line Drive, 34D)
Batting: LHB Jim Schlossnagle 0-0: Ball
Chia-ch'ing Dodman steals 2nd base
1-0: Foul Ball, location: 2F
1-1: Ball
2-1: Ground out U3 (Groundball, 3L)
Bottom of the 1st over - 0 run(s), 1 hit(s), 0 error(s), 1 left on base; Belleville 0 - Bellevue 0
TOP OF THE 2ND
Belleville Bulls batting - Pitching for Bellevue Bruins : RHP Roberto Covas
Batting: RHB Eduardo Morales 0-0: Called Strike
0-1: Ball
1-1: Ball
2-1: Fly out, F9 (Flyball, 89M)
Batting: LHB Jesús Mancía 0-0: Ball
1-0: Ball
2-0: Ball
3-0: Base on Balls
Batting: RHB Alfredo Cardenas 0-0: Ball
Jesús Mancía is caught stealing 2nd base
1-0: Foul Ball, location: 2F
1-1: Foul Ball, location: 2F
1-2: Strikes out swinging
Top of the 2nd over - 0 run(s), 0 hit(s), 0 error(s), 0 left on base; Belleville 0 - Bellevue 0
BOTTOM OF THE 2ND
Bellevue Bruins batting - Pitching for Belleville Bulls : RHP Norberto Flores
Batting: RHB Leo Shoemaker 0-0: Ball
1-0: Called Strike
1-1: Foul Ball, location: 2F
1-2: Ball
2-2: Strikes out looking
Batting: SHB Ramón García 0-0: Ball
1-0: Called Strike
1-1: DOUBLE (Line Drive, 9LD)
Batting: RHB Mark Bishop 0-0: Called Strike
0-1: Ball
1-1: Called Strike
1-2: Ball
2-2: SINGLE (Line Drive, 89S)
Ramón García to third
Batting: RHB Edgar González 0-0: Ball
1-0: Called Strike
1-1: Called Strike
1-2: SINGLE (Groundball, 6MD)
Ramón García scores
Mark Bishop to second
Batting: RHB Javier Valdés 0-0: Ball
1-0: Ball
2-0: Fly out, F9 (Flyball, 89M)
Batting: RHB Luis Ríos 0-0: SINGLE (Line Drive, 34D)
Mark Bishop to third
Edgar González to second
Runner from 3rd tries for Home, throw and OUT!
Bottom of the 2nd over - 1 run(s), 4 hit(s), 0 error(s), 2 left on base; Belleville 0 - Bellevue 1
TOP OF THE 3RD
Belleville Bulls batting - Pitching for Bellevue Bruins : RHP Roberto Covas
Batting: SHB Tristan Shanks 0-0: Foul Ball, location: 2F
0-1: Ball
1-1: Foul Ball, location: 2F
1-2: Ball
2-2: Foul Ball, location: 2F
2-2: Strikes out swinging
Batting: RHB Vincente Fuentes 0-0: Called Strike
0-1: Ball
1-1: Ground out 4-3 (Groundball, 4)
Batting: RHB Brandon Carroll 0-0: Ball
1-0: Ground out 6-3 (Groundball, 6)
Top of the 3rd over - 0 run(s), 0 hit(s), 0 error(s), 0 left on base; Belleville 0 - Bellevue 1
BOTTOM OF THE 3RD
Bellevue Bruins batting - Pitching for Belleville Bulls : RHP Norberto Flores
Batting: RHB Nick Hoskins 0-0: Called Strike
0-1: Called Strike
0-2: Ball
1-2: DOUBLE (Line Drive, 89M)
Batting: LHB Chia-ch'ing Dodman 0-0: Ball
1-0: Ball
2-0: Ball
3-0: Base on Balls
Batting: LHB Jim Schlossnagle 0-0: Ball
1-0: Ball
2-0: Ball
3-0: Called Strike
3-1: 3-RUN HOME RUN (Line Drive, 89XD) (Inside the Park)
Batting: RHB Leo Shoemaker 0-0: Foul Ball, location: 2F
0-1: Ball
1-1: SINGLE (Line Drive, 9LS)
Batting: SHB Ramón García 0-0: Called Strike
0-1: Grounds out, U3 (Groundball, 3L)
Batting: RHB Mark Bishop 0-0: Ball
1-0: Foul Ball, location: 2F
1-1: Ball
2-1: 2-RUN HOME RUN (Flyball, 7LD), Distance : 372 ft
Batting: RHB Edgar González 0-0: Ball
1-0: Ground out 5-3 (Groundball, 5S)
Batting: RHB Javier Valdés 0-0: Called Strike
0-1: Ball
1-1: Called Strike
1-2: Strikes out looking
Bottom of the 3rd over - 5 run(s), 4 hit(s), 0 error(s), 0 left on base; Belleville 0 - Bellevue 6
TOP OF THE 4TH
Belleville Bulls batting - Pitching for Bellevue Bruins : RHP Roberto Covas
Batting: LHB Manuel Sánchez 0-0: Called Strike
0-1: Foul Ball, location: 2F
0-2: Ball
1-2: Strikes out looking
Batting: RHB Warren Martin 0-0: Called Strike
0-1: Swinging Strike
0-2: Ball
1-2: Ball
2-2: Strikes out swinging
Batting: RHB Duane Wills 0-0: Ball
1-0: Swinging Strike
1-1: Ball
2-1: Called Strike
2-2: Foul Ball, location: 2F
2-2: SINGLE (Groundball, 5D)
Batting: RHB Eduardo Morales 0-0: Called Strike
0-1: Ball
1-1: Foul Ball, location: 2F
1-2: Ground out 4-3 (Groundball, 34)
Top of the 4th over - 0 run(s), 1 hit(s), 0 error(s), 1 left on base; Belleville 0 - Bellevue 6
BOTTOM OF THE 4TH
Bellevue Bruins batting - Pitching for Belleville Bulls : RHP Norberto Flores
Batting: RHB Luis Ríos 0-0: Ball
1-0: Swinging Strike
1-1: Ground out 4-3 (Groundball, 4)
Batting: RHB Nick Hoskins 0-0: Called Strike
0-1: Ground out 5-3 (Groundball, 5S)
Batting: LHB Chia-ch'ing Dodman 0-0: Ball
1-0: Ball
2-0: Ground out 3-1 (Groundball, 34S)
Bottom of the 4th over - 0 run(s), 0 hit(s), 0 error(s), 0 left on base; Belleville 0 - Bellevue 6
TOP OF THE 5TH
Belleville Bulls batting - Pitching for Bellevue Bruins : RHP Roberto Covas
Batting: LHB Jesús Mancía 0-0: DOUBLE (Line Drive, 7D)
Batting: RHB Alfredo Cardenas 0-0: Ball
1-0: Called Strike
1-1: Called Strike
1-2: Ground out 5-3 (Groundball, 56)
Batting: SHB Tristan Shanks 0-0: Called Strike
0-1: Called Strike
0-2: Ball
1-2: Strikes out swinging
Batting: RHB Vincente Fuentes 0-0: Ball
1-0: Reached on error, E4 (Groundball, 4)
Jesús Mancía to third
Batting: RHB Brandon Carroll Pickoff Throw to First - Error! E1
Jesús Mancía scores
Vincente Fuentes to second
0-0: Ball
1-0: Foul Ball, location: 2F
1-1: Ball
2-1: Foul Ball, location: 2F
2-2: Foul Ball, location: 2F
2-2: Ground out 5-3 (Groundball, 56)
Top of the 5th over - 1 run(s), 1 hit(s), 2 error(s), 1 left on base; Belleville 1 - Bellevue 6
BOTTOM OF THE 5TH
Bellevue Bruins batting - Pitching for Belleville Bulls : RHP Norberto Flores
Batting: LHB Jim Schlossnagle 0-0: Called Strike
0-1: Foul Ball, location: 2F
0-2: Ball
1-2: SINGLE (Groundball, 4)
Batting: RHB Leo Shoemaker 0-0: Foul Ball, location: 2F
0-1: Foul Ball, location: 2F
0-2: SINGLE (Line Drive, 4D)
Jim Schlossnagle to second
Runner from 2nd tries for 3rd, SAFE, no throw or cutoff
Batting: SHB Ramón García 0-0: Ball
1-0: Ball
2-0: Ball
3-0: Called Strike
3-1: DOUBLE (Groundball, 3L)
Jim Schlossnagle scores
Leo Shoemaker to third
Runner from 3rd tries for Home, throw and OUT!
Pitching: LHP César Nieto
Batting: RHB Mark Bishop 0-0: Ball
1-0: Ball
2-0: Called Strike
2-1: Ground out 5-3 (Groundball, 56S)
Ramón García to third
Batting: RHB Edgar González 0-0: Called Strike
0-1: Called Strike
0-2: Foul Ball, location: 2F
0-2: Fly out, F7 (Flyball, 7LS)
Bottom of the 5th over - 1 run(s), 3 hit(s), 0 error(s), 1 left on base; Belleville 1 - Bellevue 7
TOP OF THE 6TH
Belleville Bulls batting - Pitching for Bellevue Bruins : RHP Roberto Covas
Pitching: RHP Bru Sotelo
Batting: LHB Manuel Sánchez 0-0: Called Strike
0-1: Ball
1-1: SINGLE (Line Drive, 89S)
Batting: RHB Warren Martin 0-0: Ball
1-0: Called Strike
1-1: Ball
2-1: SINGLE (Line Drive, 89S)
Manuel Sánchez to second
Runner from 2nd tries for 3rd, SAFE, no throw or cutoff
Batting: RHB Duane Wills 0-0: Ball
1-0: Ball
2-0: Called Strike
2-1: Ball
3-1: Grounds into double play, 4-6-3 (Groundball, 4M)
Manuel Sánchez scores
Batting: RHB Eduardo Morales 0-0: Reached on error, E3 (Groundball, 3L)
Batting: LHB Jesús Mancía 0-0: Foul Ball, location: 2F
0-1: Swinging Strike
0-2: Ball
1-2: Strikes out looking
Top of the 6th over - 1 run(s), 2 hit(s), 1 error(s), 1 left on base; Belleville 2 - Bellevue 7
BOTTOM OF THE 6TH
Bellevue Bruins batting - Pitching for Belleville Bulls : LHP César Nieto
Batting: RHB Javier Valdés 0-0: Ball
1-0: Ball
2-0: Foul Ball, location: 2F
2-1: Foul Ball, location: 2F
2-2: Ground out 5-3 (Groundball, 56S)
Batting: RHB Luis Ríos 0-0: Foul Ball, location: 2F
0-1: Ground out 6-3 (Groundball, 6)
Batting: RHB Nick Hoskins 0-0: Called Strike
0-1: Swinging Strike
0-2: Ball
1-2: Ball
2-2: Strikes out swinging
Bottom of the 6th over - 0 run(s), 0 hit(s), 0 error(s), 0 left on base; Belleville 2 - Bellevue 7
TOP OF THE 7TH
Belleville Bulls batting - Pitching for Bellevue Bruins : RHP Bru Sotelo
Batting: RHB Alfredo Cardenas 0-0: Called Strike
0-1: Ball
1-1: Foul Ball, location: 2F
1-2: Ball
2-2: Foul Ball, location: 2F
2-2: Fly out, F5 (Popup, 5SF)
Batting: SHB Tristan Shanks 0-0: Ball
1-0: Foul Ball, location: 2F
1-1: Ground out 6-3 (Groundball, 6)
Batting: RHB Vincente Fuentes 0-0: Ball
1-0: SINGLE (Line Drive, 6D)
Batting: RHB Brandon Carroll 0-0: Ball
1-0: Called Strike
1-1: Ground out 4-3 (Groundball, 4)
Top of the 7th over - 0 run(s), 1 hit(s), 0 error(s), 1 left on base; Belleville 2 - Bellevue 7
BOTTOM OF THE 7TH
Bellevue Bruins batting - Pitching for Belleville Bulls : LHP César Nieto
Batting: LHB Chia-ch'ing Dodman 0-0: Foul Ball, location: 2F
0-1: Foul Ball, location: 2F
0-2: Ball
1-2: Foul Ball, location: 2F
1-2: Fly out, F6 (Popup, 7S)
Batting: LHB Jim Schlossnagle 0-0: Ball
1-0: Foul Ball, location: 2F
1-1: Ball
2-1: Ball
3-1: Base on Balls
Batting: RHB Leo Shoemaker 0-0: Ball
1-0: Ball
2-0: Ball
3-0: Called Strike
3-1: Swinging Strike
3-2: Foul Ball, location: 2F
3-2: Base on Balls
Jim Schlossnagle to second
Batting: SHB Ramón García 0-0: Ball
1-0: Foul Ball, location: 2F
1-1: Ball
2-1: Swinging Strike
2-2: SINGLE (Line Drive, 89S)
Jim Schlossnagle to third
Leo Shoemaker to second
Batting: RHB Mark Bishop 0-0: Ball
1-0: Ball
2-0: SINGLE (Flyball, 8RS)
Jim Schlossnagle scores
Leo Shoemaker to third
Ramón García to second
Runner from 3rd tries for Home, SAFE, throw made at trailing runner, SAFE at third!
Pitching: LHP Francisco Jiménez
Batting: RHB Edgar González 0-0: Ball
1-0: Ball
2-0: Called Strike
2-1: Ball
3-1: Foul Ball, location: 2F
3-2: Foul Ball, location: 2F
3-2: Foul Ball, location: 2F
3-2: DOUBLE (Groundball, 5L)
Ramón García scores
Mark Bishop to third
Batting: RHB Javier Valdés 0-0: Called Strike
0-1: Fly out, F9 (Flyball, 9M)
Runner from 3rd tags up, SCORES, no throw
Batting: RHB Luis Ríos 0-0: Swinging Strike
0-1: Foul Ball, location: 2F
0-2: Ball
1-2: Strikes out swinging
Bottom of the 7th over - 4 run(s), 3 hit(s), 0 error(s), 1 left on base; Belleville 2 - Bellevue 11
TOP OF THE 8TH
Belleville Bulls batting - Pitching for Bellevue Bruins : RHP Bru Sotelo
Batting: LHB Manuel Sánchez 0-0: Ball
1-0: Foul Ball, location: 2F
1-1: Fly out, F7 (Flyball, 78M)
Batting: RHB Warren Martin 0-0: Foul Ball, location: 2F
0-1: Swinging Strike
0-2: Ball
1-2: Ball
2-2: Ball
3-2: Foul Ball, location: 2F
3-2: Base on Balls
Batting: RHB Duane Wills 0-0: Called Strike
0-1: Fielders Choice at 2nd, 3-6 (Groundball, 3)
Pinch Hitting: LHB Tommy Sullivan 0-0: Called Strike
0-1: Fly out, F9 (Flyball, 9LM)
Top of the 8th over - 0 run(s), 0 hit(s), 0 error(s), 1 left on base; Belleville 2 - Bellevue 11
BOTTOM OF THE 8TH
Bellevue Bruins batting - Pitching for Belleville Bulls : LHP Francisco Jiménez
Now in LF: Tommy Sullivan
Batting: RHB Nick Hoskins 0-0: SINGLE (Groundball, 56) (infield hit)
Batting: LHB Chia-ch'ing Dodman 0-0: Foul Ball, location: 2F
0-1: Called Strike
0-2: Ball
Nick Hoskins is caught stealing 2nd base
1-2: Ground out 3-6 (Groundball, 3L)
Batting: LHB Jim Schlossnagle 0-0: Ball
1-0: Called Strike
1-1: SINGLE (Groundball, 4MS)
Batting: RHB Leo Shoemaker 0-0: Ball
1-0: Foul Ball, location: 2F
1-1: Ball
2-1: Ball
3-1: SINGLE (Groundball, 6MD)
Jim Schlossnagle to second
Batting: SHB Ramón García 0-0: Called Strike
0-1: Fielders Choice at 2nd, U4 (Groundball, 4M)
Bottom of the 8th over - 0 run(s), 3 hit(s), 0 error(s), 2 left on base; Belleville 2 - Bellevue 11
TOP OF THE 9TH
Belleville Bulls batting - Pitching for Bellevue Bruins : RHP Bru Sotelo
Now at 3B: Luis Rodríguez
Batting: LHB Jesús Mancía 0-0: Called Strike
0-1: Bunt for hit - play at first, batter OUT! 5-3
Batting: RHB Alfredo Cardenas 0-0: Called Strike
0-1: Ball
1-1: Foul Ball, location: 2F
1-2: Strikes out looking
Batting: SHB Tristan Shanks 0-0: Ball
1-0: Called Strike
1-1: Swinging Strike
1-2: Foul Ball, location: 2F
1-2: Strikes out swinging
Top of the 9th over - 0 run(s), 0 hit(s), 0 error(s), 0 left on base; Belleville 2 - Bellevue 11
This league is powered by Out of the Park Baseball, the baseball management simulation game for PC, Mac and Linux
Monday, October 3rd, 2016 - OOTP Baseball 16.9 Build 39